 Dungeon Crawl Stone Soup version 0.21.1-1-g345015f (webtiles) character file.

1782 tidbits the Insei (level 9, 36/66 HPs)
             Began as a Gnoll Transmuter on Feb 8, 2018.
             Quit the game on level 6 of the Dungeon.
             The game lasted 00:14:21 (1436 turns).

tidbits the Insei (Gnoll Transmuter)                Turns: 1436, Time: 00:14:22

Health: 36/66      AC:  4    Str: 13    XL:     9   Next: 8%
Magic:  14/18      EV: 26    Int: 18    God:
Gold:   239        SH:  0    Dex: 21    Spells: 7/20 levels left

rFire    . . .     SeeInvis .     - Unarmed
rCold    . . .     Gourm    .   (shield currently unavailable)
rNeg     . . .     Faith    .   (armour currently unavailable)
rPois    x         Spirit   .   (helmet currently unavailable)
rElec    .         Reflect  .   (cloak currently unavailable)
rCorr    .         Harm     .   (gloves currently unavailable)
MR       .....                  (boots currently unavailable)
Stlth    ++++......             (no amulet)
HPRegen  0.21/turn              i - ring of stealth
MPRegen  0.16/turn              U - +2 ring of protection

@: spider-form
A: tiny, distributed training, strong nose
a: End Transformation


You were on level 6 of the Dungeon.
You were not hungry.
You were a venomous arachnid creature.
You visited 1 branch of the dungeon, and saw 7 of its levels.

You collected 239 gold pieces.

Inventory:

Hand Weapons
 a - a +1 dagger of pain (melded)
   (You took it off an orc on level 7 of the Dungeon)
 b - a +1 dagger
 g - a +0 rapier
 j - a +0 trident of protection
   (You found it on level 5 of the Dungeon)
 p - the cursed +1 quarterstaff of Blood {antimagic, Str+3 Dex+3, unknown}
   (You found it on level 4 of the Dungeon)

   It reduces the magical energy of the wielder, and disrupts the spells and
   magical abilities of those hit.
   Natural abilities and divine invocations are not affected.
   It affects your strength (+3).
   It affects your dexterity (+3).
   It has a curse placed upon it.
 r - a cursed +0 rapier
 s - a +0 war axe of venom
   (You found it on level 5 of the Dungeon)
 t - a cursed -2 quarterstaff
Missiles
 e - 2 javelins (quivered)
 D - 16 arrows
Armour
 w - a cursed +0 scale mail
 B - a +0 robe
 C - the +2 robe "Fikyp" (melded) {Int+4}
   (You found it on level 7 of the Dungeon)

   It affects your intelligence (+4).
 E - a +2 helmet (melded)
 G - a +0 pair of gloves (melded)
Jewellery
 i - a ring of stealth (left front leg)
   (You found it on level 3 of the Dungeon)
 U - a +2 ring of protection (right front leg)
   (You found it on level 3 of the Dungeon)
Wands
 d - a wand of digging (9)
 o - a wand of disintegration (9)
 u - a wand of flame (35)
Scrolls
 f - 3 scrolls of immolation
 k - 2 scrolls of identify
 n - a scroll of enchant weapon
 q - a scroll of teleportation
 y - a scroll of blinking
Potions
 h - a potion of brilliance
 x - a potion of magic
 z - 2 potions of curing
 A - a potion of resistance {unknown}
Books
 c - a book of Changes

   Spells                             Type                      Level
   a - Beastly Appendage              Transmutation                1
   b - Sticks to Snakes               Transmutation                2
   c - Spider Form                    Transmutation/Poison         3
   d - Ice Form                       Ice/Transmutation            4
   e - Blade Hands                    Transmutation                5
Comestibles
 m - 8 rations


   Skills:
 + Level 4.6 Fighting
 + Level 3.8 Short Blades
 + Level 3.8 Long Blades
 + Level 3.8 Axes
 + Level 3.8 Maces & Flails
 + Level 3.8 Polearms
 + Level 3.8 Staves
 + Level 3.8 Slings
 + Level 3.8 Bows
 + Level 3.8 Crossbows
 + Level 3.8 Throwing
 + Level 3.8 Armour
 + Level 6.0 Dodging
 + Level 3.8 Stealth
 + Level 3.8 Shields
 + Level 7.6 Unarmed Combat
 + Level 6.3 Spellcasting
 + Level 3.1 Conjurations
 + Level 3.1 Hexes
 + Level 3.1 Charms
 + Level 3.1 Summonings
 + Level 3.1 Necromancy
 + Level 3.1 Translocations
 + Level 5.0 Transmutations
 + Level 3.1 Fire Magic
 + Level 3.1 Ice Magic
 + Level 3.1 Air Magic
 + Level 3.1 Earth Magic
 + Level 3.1 Poison Magic
 + Level 4.2 Invocations
 + Level 3.8 Evocations


You had 7 spell levels left.
You knew the following spells:

 Your Spells              Type           Power        Failure   Level  Hunger
e - Beastly Appendage     Tmut           ###...       7%          1    None
h - Blade Hands           Tmut           ###.......   61%         5    #####..
k - Sticks to Snakes      Tmut           ###.....     9%          2    None
n - Animate Skeleton      Necr           N/A          11%         1    None
p - Spider Form           Tmut/Pois      ###.......   17%         3    ##.....
A - Apportation           Tloc           ###...       11%         1    None


Dungeon Overview and Level Annotations

Branches:
Dungeon (7/15)
 Temple: D:4-7

Altars:
Fedhas


Innate Abilities, Weirdness & Mutations

Your experience applies equally to all skills.
((You have very sharp teeth.))
Your uncanny sense of smell can sniff out nearby items.


Message History

The killer bee barely misses you. x2
The killer bee stings you. The jackal skeleton misses you.
The killer bee completely misses you.
Casting: Sticks to Snakes
Confirm with . or Enter, or press ? or * to list all spells.
You turn into a venomous arachnid creature.
Your +1 dagger of pain melds into your body.
Your +2 helmet melds into your body.
Your +0 pair of gloves melds into your body.
The +2 robe "Fikyp" {Int+4} melds into your body.
The killer bee completely misses you.
The jackal skeleton completely misses you.
The killer bee misses you. The jackal skeleton barely misses you.
A shadow imp comes into view.
You closely miss the killer bee.
The shadow imp shouts!
You hear an angry buzzing noise. x2; You hear a shout!
You hear an angry buzzing noise.
You hear a shout!
The killer bee closely misses you. The killer bee completely misses you.
The jackal skeleton closely misses you.
You bite the killer bee!
The killer bee looks as sick as possible!
The killer bee is severely wounded.
You kill the killer bee!
Your Dodging skill increases to level 6!
You have reached level 9!
Your experience leads to an increase in your attributes!
Your base attributes are Str 13, Int 17, Dex 16.
Increase (S)trength, (I)ntelligence, or (D)exterity?
You feel clever.
The jackal skeleton completely misses you.
An orc comes into view. It is wielding an enchanted whip.
Your transformation is almost over.
The shadow imp laughs crazily.
The jackal skeleton bites you.
There is a stone staircase leading up here.
The orc warrior barely misses you.
The jackal skeleton completely misses you.
You climb upwards.
A shadow imp comes into view.
The shadow imp shouts!
The electric eel shoots out a bolt of lightning at you!
The bolt of electricity hits the adder zombie.
The bolt of electricity hits the plant.
The bolt of electricity hits you!
There is a stone staircase leading down here.
Unknown command.
You bite the orc warrior!
The orc warrior is poisoned.
The orc warrior is heavily wounded.
The electric eel shoots out a bolt of lightning at you!
The bolt of electricity hits the plant.
The bolt of electricity hits you! The orc warrior completely misses you.
The shadow imp completely misses you.
The electric eel shoots out a bolt of lightning at you!
The bolt of electricity hits the adder zombie.
The bolt of electricity hits the plant.
The bolt of electricity misses you. The orc warrior completely misses you.
The shadow imp barely misses you. The shadow imp gestures at you.
You struggle to resist.
Found 13 gold pieces.
An electric eel comes into view.
Your transformation has ended.
Your +1 dagger of pain unmelds from your body.
Your +2 helmet unmelds from your body.
Your +0 pair of gloves unmelds from your body.
The +2 robe "Fikyp" {Int+4} unmelds from your body.
Pain shudders through your arm!
Something bites the plant but does no damage.
Casting: Spider Form
Confirm with . or Enter, or press ? or * to list all spells.
You turn into a venomous arachnid creature.
Your +1 dagger of pain melds into your body.
Your +2 helmet melds into your body.
Your +0 pair of gloves melds into your body.
The +2 robe "Fikyp" {Int+4} melds into your body.
Something bites the plant but does no damage.
The orc warrior closely misses you.
Unknown command.
You hit the orc warrior but do no damage.
The orc warrior looks as sick as possible!
The orc warrior is heavily wounded.
Something bites the plant but does no damage.
The orc warrior closely misses you.
You see here 13 gold pieces.
You hit the orc warrior but do no damage.
The orc warrior looks as sick as possible!
The orc warrior is almost dead.
You kill the orc warrior!
Your Transmutations skill increases to level 5!
You now have 239 gold pieces (gained 13).
The shadow imp gestures at you.
You struggle to resist.
Things that are here:
a short sword of freezing; a chain mail You hit the shadow imp.
The shadow imp is lightly wounded.
The shadow imp misses you.
You closely miss the shadow imp.
The shadow imp is lightly wounded.
The shadow imp closely misses you.
You bite the shadow imp!
You kill the shadow imp!
Are you sure you want to abandon this character and quit the game? (Confirm with "yes".)

####### .P#...##
≈P.≈P..################# ##
≈≈PPPP..........s......#≈≈♣
≈≈♣≈PP≈############....≈♣
♣≈≈≈≈PP# #...≈♣≈≈P≈
P♣♣♣≈≈.### #.5♣♣P≈≈♣≈
≈♣≈≈P≈†.#### #.≈♣≈P≈≈≈≈
♣≈≈≈P≈P.....## #♣♣P≈


PP≈ ≈≈≈≈..###.#..# ≈≈♣P ≈≈≈ PPP#### #....#####♣P≈≈≈≈≈P≈ P## ##.........♣♣≈≈≈≈≈
There were no monsters in sight!

Vanquished Creatures
  Pikel (D:5)
  A sky beast (D:7)
  An ice beast (D:6)
  An orc warrior (D:6)
  2 ogres
  3 scorpions
  A killer bee (D:7)
  A howler monkey (D:5)
  A quasit (D:7)
  A centaur zombie (D:5)
  4 hounds
  2 bullfrog skeletons
  An orc priest (D:7)
  2 orc wizards
  A worker ant (D:6)
  A hound skeleton (D:7)
  Robin (D:2)
  5 gnolls
  7 adders
  2 shadow imps
  2 oozes
  An adder skeleton (D:5)
  2 worms
  2 dart slugs
  4 leopard geckos
  16 orcs
  4 bats
  7 goblins
  3 hobgoblins (D:2)
  6 jackals
  3 quokkas
  5 frilled lizards
  A leopard gecko zombie (D:6)
  6 rats
101 creatures vanquished.

Vanquished Creatures (collateral kills)
  A phantom (D:5)
  A howler monkey zombie (D:7)
  An ooze (D:4)
  A bat (D:3)
  A hobgoblin (D:3)
  A jackal (D:3)
6 creatures vanquished.

Vanquished Creatures (others)
  2 slaves (D:5)
  An orc (D:5)
3 creatures vanquished.

Grand Total: 110 creatures vanquished

Notes
Turn   | Place    | Note
-------+----------+-------------------------------------------
     0 | D:1      | tidbits the Gnoll Transmuter began the quest for the Orb.
     0 | D:1      | Reached XP level 1. HP: 17/17 MP: 6/6
    41 | D:1      | Reached XP level 2. HP: 23/23 MP: 5/7
    46 | D:1      | Learned a level 2 spell: Sticks to Snakes
   113 | D:1      | Reached XP level 3. HP: 21/28 MP: 9/9
   120 | D:1      | Learned a level 3 spell: Spider Form
   137 | D:2      | Reached skill level 5 in Spellcasting
   197 | D:2      | Noticed Robin
   204 | D:2      | Killed Robin
   204 | D:2      | Reached skill level 1 in Invocations
   250 | D:3      | Reached skill level 1 in Short Blades
   250 | D:3      | Reached skill level 1 in Long Blades
   250 | D:3      | Reached skill level 1 in Axes
   250 | D:3      | Reached skill level 1 in Maces & Flails
   250 | D:3      | Reached skill level 1 in Polearms
   250 | D:3      | Reached skill level 1 in Staves
   250 | D:3      | Reached skill level 1 in Slings
   250 | D:3      | Reached skill level 1 in Bows
   250 | D:3      | Reached skill level 1 in Crossbows
   250 | D:3      | Reached skill level 1 in Throwing
   250 | D:3      | Reached skill level 1 in Armour
   250 | D:3      | Reached skill level 1 in Stealth
   250 | D:3      | Reached skill level 1 in Shields
   250 | D:3      | Reached skill level 1 in Evocations
   250 | D:3      | Reached XP level 4. HP: 32/34 MP: 4/11
   324 | D:3      | Reached skill level 1 in Conjurations
   324 | D:3      | Reached skill level 1 in Hexes
   324 | D:3      | Reached skill level 1 in Charms
   324 | D:3      | Reached skill level 1 in Summonings
   324 | D:3      | Reached skill level 1 in Necromancy
   324 | D:3      | Reached skill level 1 in Translocations
   324 | D:3      | Reached skill level 1 in Fire Magic
   324 | D:3      | Reached skill level 1 in Ice Magic
   324 | D:3      | Reached skill level 1 in Air Magic
   324 | D:3      | Reached skill level 1 in Earth Magic
   324 | D:3      | Reached skill level 1 in Poison Magic
   332 | D:3      | Reached XP level 5. HP: 33/40 MP: 4/12
   606 | D:4      | Reached skill level 3 in Fighting
   621 | D:4      | Reached skill level 4 in Transmutations
   638 | D:4      | Got a fine quarterstaff
   687 | D:4      | Learned a level 1 spell: Animate Skeleton
   689 | D:4      | Learned a level 1 spell: Apportation
   730 | D:4      | Reached XP level 6. HP: 47/47 MP: 9/13
   753 | D:4      | Found a blossoming altar of Fedhas.
   761 | D:5      | Entered Level 5 of the Dungeon
   770 | D:4      | Reached skill level 5 in Dodging
   770 | D:4      | Reached skill level 2 in Invocations
   776 | D:5      | Reached skill level 2 in Short Blades
   776 | D:5      | Reached skill level 2 in Long Blades
   776 | D:5      | Reached skill level 2 in Axes
   776 | D:5      | Reached skill level 2 in Maces & Flails
   776 | D:5      | Reached skill level 2 in Polearms
   776 | D:5      | Reached skill level 2 in Staves
   776 | D:5      | Reached skill level 2 in Slings
   776 | D:5      | Reached skill level 2 in Bows
   776 | D:5      | Reached skill level 2 in Crossbows
   776 | D:5      | Reached skill level 2 in Throwing
   776 | D:5      | Reached skill level 2 in Armour
   776 | D:5      | Reached skill level 2 in Stealth
   776 | D:5      | Reached skill level 2 in Shields
   776 | D:5      | Reached skill level 2 in Evocations
   854 | D:5      | Reached XP level 7. HP: 30/52 MP: 8/15
   881 | D:5      | Learned a level 5 spell: Blade Hands
   938 | D:5      | Noticed Pikel
   947 | D:5      | Killed Pikel
   947 | D:5      | Reached skill level 4 in Fighting
   947 | D:5      | Reached skill level 3 in Short Blades
   947 | D:5      | Reached skill level 3 in Long Blades
   947 | D:5      | Reached skill level 3 in Axes
   947 | D:5      | Reached skill level 3 in Maces & Flails
   947 | D:5      | Reached skill level 3 in Polearms
   947 | D:5      | Reached skill level 3 in Staves
   947 | D:5      | Reached skill level 3 in Slings
   947 | D:5      | Reached skill level 3 in Bows
   947 | D:5      | Reached skill level 3 in Crossbows
   947 | D:5      | Reached skill level 3 in Throwing
   947 | D:5      | Reached skill level 3 in Armour
   947 | D:5      | Reached skill level 3 in Stealth
   947 | D:5      | Reached skill level 3 in Shields
   947 | D:5      | Reached skill level 7 in Unarmed Combat
   947 | D:5      | Reached skill level 2 in Conjurations
   947 | D:5      | Reached skill level 2 in Hexes
   947 | D:5      | Reached skill level 2 in Charms
   947 | D:5      | Reached skill level 2 in Summonings
   947 | D:5      | Reached skill level 2 in Necromancy
   947 | D:5      | Reached skill level 2 in Translocations
   947 | D:5      | Reached skill level 2 in Fire Magic
   947 | D:5      | Reached skill level 2 in Ice Magic
   947 | D:5      | Reached skill level 2 in Air Magic
   947 | D:5      | Reached skill level 2 in Earth Magic
   947 | D:5      | Reached skill level 2 in Poison Magic
   947 | D:5      | Reached skill level 3 in Invocations
   947 | D:5      | Reached skill level 3 in Evocations
   947 | D:5      | Reached XP level 8. HP: 33/60 MP: 13/16
  1116 | D:6      | Reached skill level 6 in Spellcasting
  1267 | D:7      | Got a shadowed robe
  1291 | D:7      | Identified the +2 robe "Fikyp" {Int+4} (You found it on level 7 of the Dungeon)
  1315 | D:7      | Reached skill level 3 in Conjurations
  1315 | D:7      | Reached skill level 3 in Hexes
  1315 | D:7      | Reached skill level 3 in Charms
  1315 | D:7      | Reached skill level 3 in Summonings
  1315 | D:7      | Reached skill level 3 in Necromancy
  1315 | D:7      | Reached skill level 3 in Translocations
  1315 | D:7      | Reached skill level 3 in Fire Magic
  1315 | D:7      | Reached skill level 3 in Ice Magic
  1315 | D:7      | Reached skill level 3 in Air Magic
  1315 | D:7      | Reached skill level 3 in Earth Magic
  1315 | D:7      | Reached skill level 3 in Poison Magic
  1315 | D:7      | Reached skill level 4 in Invocations
  1415 | D:7      | Reached skill level 6 in Dodging
  1415 | D:7      | Reached XP level 9. HP: 58/66 MP: 14/18
  1430 | D:6      | Reached skill level 5 in Transmutations
  1436 | D:6      | Quit the game

Skill      XL: |  1  2  3  4  5  6  7  8  9 |
---------------+----------------------------+-----
Spellcasting   | 5 6 |  6.3
Invocations    | 1 2 3 4 |  4.2
Short Blades   | 1 2 3 |  3.8
Long Blades    | 1 2 3 |  3.8
Axes           | 1 2 3 |  3.8
Maces & Flails | 1 2 3 |  3.8
Polearms       | 1 2 3 |  3.8
Staves         | 1 2 3 |  3.8
Slings         | 1 2 3 |  3.8
Bows           | 1 2 3 |  3.8
Crossbows      | 1 2 3 |  3.8
Throwing       | 1 2 3 |  3.8
Armour         | 1 2 3 |  3.8
Stealth        | 1 2 3 |  3.8
Shields        | 1 2 3 |  3.8
Evocations     | 1 2 3 |  3.8
Conjurations   | 1 2 3 |  3.1
Hexes          | 1 2 3 |  3.1
Charms         | 1 2 3 |  3.1
Summonings     | 1 2 3 |  3.1
Necromancy     | 1 2 3 |  3.1
Translocations | 1 2 3 |  3.1
Fire Magic     | 1 2 3 |  3.1
Ice Magic      | 1 2 3 |  3.1
Air Magic      | 1 2 3 |  3.1
Earth Magic    | 1 2 3 |  3.1
Poison Magic   | 1 2 3 |  3.1
Fighting       | 3 4 |  4.6
Transmutations | 4 5 |  5.0
Dodging        | 5 6 |  6.0
Unarmed Combat | 7 |  7.6

Action                   |  1- 3 |  4- 6 |  7- 9 || total
-------------------------+-------+-------+-------++-------
Melee: Unarmed           |    49 |    71 |   124 ||   244
       Headbutt          |     1 |       |       ||     1
       Kick              |     1 |       |       ||     1
       Bite              |     1 |       |       ||     1
       Dagger            |       |     4 |     4 ||     8
 Cast: Beastly Appendage |     4 |       |       ||     4
       Spider Form       |     5 |    15 |    15 ||    35
       Sticks to Snakes  |     1 |     4 |     9 ||    14
       Apportation       |       |       |     1 ||     1
 Abil: End Transformatio |       |     1 |     1 ||     2
Evoke: Wand              |       |     2 |       ||     2
  Use: Scroll            |     3 |     2 |     3 ||     8
       Potion            |       |       |     4 ||     4
 Stab: Sleeping          |       |     8 |     2 ||    10
       Distracted        |       |       |     5 ||     5
  Eat: Chunk             |       |     1 |     1 ||     2
       Ration            |       |       |     1 ||     1
Armor: Robe              |     2 |     1 |     3 ||     6
       Skin              |     1 |     3 |     8 ||    12
Dodge: Dodged            |    39 |    65 |   160 ||   264

Table legend:
 A = Turns spent in this place as a percentage of turns spent in the entire game.
 B = Non-inter-level travel turns spent in this place as a percentage of non-inter-level travel turns spent in the entire game.
 C = Inter-level travel turns spent in this place as a percentage of turns spent in this place.
 D = Turns resting spent in this place as a percentage of non-inter-level travel turns spent in this place.
 E = Turns spent auto-exploring this place as a percentage of non-inter-level travel turns spent in this place.
 F = Non-inter-level travel turns spent in this place divided by the number of levels of this place that you've seen.
                   A       B       C       D       E      F
               +-------+-------+-------+-------+-------+----------------------
         Total | 100.0 | 100.0 |   0.0 |   0.0 |   0.0 | 205.1
       Dungeon | 100.0 | 100.0 |   0.0 |   0.0 |   0.0 | 205.1
               +-------+-------+-------+-------+-------+----------------------

Table legend:
 A = Kills in this place as a percentage of kills in entire the game.
 B = Kills by you in this place as a percentage of kills by you in the entire game.
 C = Kills by friends in this place as a percentage of kills by friends in the entire game.
 D = Other kills in this place as a percentage of other kills in the entire game.
 E = Experience gained in this place as a percentage of experience gained in the entire game.
 F = Experience gained in this place divided by the number of levels of this place that you have seen.
                   A       B       C       D       E      F
               +-------+-------+-------+-------+-------+----------------------
         Total | 100.0 | 100.0 | 100.0 |   N/A | 100.0 | 363.9
       Dungeon | 100.0 | 100.0 | 100.0 |   N/A | 100.0 | 363.9
               +-------+-------+-------+-------+-------+----------------------

Vault maps used:
D:1:      elethiomel_arrival_quiet
D:2:      lemuel_blue_sif_altar, kennysheep_slug_shrine,
          nicolae_tso_swordbearing_angel, kennysheep_generic_room_3, uniq_robin
D:3:      nicolae_overflow_hidden_temple, first_ration
D:4:      tgw_fedhas, nicolae_ru_sacrificial_ziggurat, serial_park_tiny_2,
          grunt_qazlal_clouds
D:5:      uniq_pikel
D:6:      minmay_temple_entry_enclosed_plants, serial_bayou,
          serial_bayou_lake_a, serial_bayou_crossing, serial_bayou_pond_e,
          serial_bayou_lagoon_a, serial_bayou_shore_b, serial_bayou_shore_b
